 Dungeon Crawl Stone Soup version 0.24.0-28-g17ded55e90 (webtiles) character file.

Game seed: 11831778294049436358, levelgen mode: deterministic

48 DildoBatman the Magician (level 4, -12/30 HPs)
             Began as a Formicid Wizard on Nov 11, 2019.
             Mangled by a gnoll
             ... wielding a +0 halberd
              (14 damage)
             ... on level 1 of the Dungeon.
             The game lasted 00:03:21 (1276 turns).

DildoBatman the Magician (Formicid Wizard)          Turns: 1276, Time: 00:03:21

Health: -12/30     AC:  2    Str: 12    XL:     4   Next: 0%
Magic:  4/8        EV: 12    Int: 18    God:
Gold:   65         SH:  0    Dex:  9    Spells: 2/9 levels left

rFire    . . .     SeeInvis +   c - +0 short sword
rCold    . . .     Gourm    .   (no shield)
rNeg     . . .     Faith    .   a - +0 robe
rPois    .         Spirit   .   (helmet unavailable)
rElec    .         Reflect  .   (no cloak)
rCorr    .         Harm     .   (no gloves)
MR       .....                  (no boots)
Stlth    ++........             (no amulet)
HPRegen  0.10/turn              (no ring)
MPRegen  0.11/turn              (no ring)

@: no status effects
A: permanent stasis, dig shafts and tunnels, four strong arms, antennae 3
a: Dig, Shaft Self


You were on level 1 of the Dungeon.
You were not hungry.

You visited 1 branch of the dungeon, and saw 1 of its levels.

You collected 65 gold pieces.

Inventory:

Hand Weapons
 c - a +0 short sword (weapon)
Missiles
 b - 36 stones (quivered)
Armour
 a - a +0 robe (worn)
Scrolls
 e - a scroll of magic mapping {unknown}
 f - a scroll of amnesia {unknown}
Potions
 g - a potion of might {unknown}
Comestibles
 d - 2 chunks of flesh
 v - a ration


   Skills:
 - Level 1.7 Dodging
 - Level 2.4 Stealth
 - Level 3.2 Spellcasting
 * Level 3.1 Conjurations
   Level 1.0 Summonings
   Level 0.8 Translocations


You had 2 spell levels left.
You knew the following spells:

 Your Spells              Type           Power        Failure   Level  Hunger
a - Conjure Flame         Conj/Fire      #.......     26%         3    ###....
c - Magic Dart            Conj           ##..         4%          1    None
e - Mephitic Cloud        Conj/Pois/Air  #.......     30%         3    ###....

Your spell library contained the following spells:

 Spells                   Type           Power        Failure   Level  Hunger
 Call Imp                 Summ           #.......     16%         2    ##.....
 Slow                     Hex            #.......     24%         2    ##.....
 Blink                    Tloc           Unusable     N/A         2    N/A

Dungeon Overview and Level Annotations

Branches:
Dungeon (1/15)

Altars:


Innate Abilities, Weirdness & Mutations

You cannot be hasted, slowed, berserked, paralysed or teleported.
You can dig through walls and to a lower floor.
Your four strong arms can wield two-handed weapons with a shield.
You have a pair of large antennae on your head. (SInv)


Message History

The dart slug bites you. What are your orders? t - Shout!
Orders for allies: a - Attack new target. p - Attack previous target. r - Retreat! s - Stop attacking. g - Guard the area. f - Follow me.
Anything else - Cancel.
You shout for attention!
The gnoll barely misses you.
Your magical contamination has completely faded away.
What are your orders? t - Shout!
Orders for allies: a - Attack new target. p - Attack previous target. r - Retreat! s - Stop attacking. g - Guard the area. f - Follow me.
Anything else - Cancel.
You shout for attention!
The dart slug bites you but does no damage.
The gnoll hits you with a +0 halberd!
You die...

#.# ##### #####.# # #.####...#
#.. ... . #.÷......# #.# #w# #
######...#########.# #.# #
##............###.###
####.............w.. #####
#.###...#####.###
#...######.##.....## #....
#.....)†w@.........#####.#
########...######g##.........÷..#
#.............g...###...#########
...######.######### ##.## #..#
#.# ### ...# #.# ##.# #.# #.# #.#
##.# #)#


You could see a gnoll and a dart slug.

Vanquished Creatures
  An ooze (D:1)
  A leopard gecko (D:1)
  3 ball pythons (D:1)
  2 bats (D:1)
  3 giant cockroaches (D:1)
  5 goblins (D:1)
  2 hobgoblins (D:1)
  7 jackals (D:1)
  7 kobolds (D:1)
  3 frilled lizards (D:1)
  2 rats (D:1)
36 creatures vanquished.

Notes
Turn   | Place    | Note
-------+----------+-------------------------------------------
     0 | D:1      | DildoBatman the Formicid Wizard began the quest for the
                  | Orb.
     0 | D:1      | Reached XP level 1. HP: 13/13 MP: 4/4
     7 | D:1      | Reached skill level 1 in Conjurations
   203 | D:1      | Reached XP level 2. HP: 19/19 MP: 0/6
   537 | D:1      | Reached XP level 3. HP: 12/24 MP: 0/7
   542 | D:1      | Learned a level 3 spell: Conjure Flame
   546 | D:1      | Learned a level 3 spell: Mephitic Cloud
  1200 | D:1      | Reached XP level 4. HP: 26/30 MP: 4/8
  1276 | D:1      | Mangled by a gnoll

Levels and vault maps discovered:
D:1:      dpeg_arrival_prison, layout_loops_ring

Skill      XL: |  1  2  3 |
---------------+----------+-----
Conjurations   | 1 2 3 |  3.1
Dodging        | |  1.7
Stealth        | |  2.4
Spellcasting   | |  3.2
Summonings     | |  1.0
Translocations | |  0.8

Action                   |  1- 3 |  4- 6 || total
-------------------------+-------+-------++-------
Melee: Short sword       |    41 |       ||    41
 Cast: Magic Dart        |    78 |     3 ||    81
       Mephitic Cloud    |       |     1 ||     1
  Use: Potion            |     1 |       ||     1
  Eat: Chunk             |     1 |       ||     1
Armor: Robe              |    20 |     5 ||    25
Dodge: Dodged            |    63 |    17 ||    80
